 Dungeon Crawl Stone Soup version 0.30.0-10-gfe55d96785 (webtiles) character file.

Game seed: 8019195016955164544

8830 KamiKatze the Slicer (level 11, -3/87 HPs)
             Began as a Vine Stalker Fighter on May 16, 2023.
             Was a Priest of Uskayaw.
             Slain by a skeletal warrior
             ... wielding a +0 scimitar
              (6 damage)
             ... on level 11 of the Dungeon.
             The game lasted 00:36:07 (9018 turns).

KamiKatze the Slicer (Vine Stalker Fighter)         Turns: 9018, Time: 00:36:08

Health: -3/87      AC: 21    Str: 20    XL:     11   Next: 37%
Magic:  0/14       EV: 13    Int:  8    God:    Uskayaw [***...]
Gold:   976        SH:  5    Dex: 17    Spells: 10/10 levels left

rFire   . . .        a - +1 rapier
rCold   . . .        c - +0 buckler
rNeg    . . .        P - +0 plate armour
rPois   .            (no helmet)
rElec   .            g - +1 cloak
rCorr   .            m - +2 pair of gloves
SInv    .            p - +2 pair of boots
Will    +....        (no amulet) Stlth
                     o - +5 ring of evasion
HPRegen 1.14/turn    v - ring of flight
MPRegen 0.14/turn

%: guardian spirit
@: berserking, flying, very quick
A: fangs 3, regeneration 1, magic shield, antimagic bite, no potion heal 2
a: Renounce Religion, Stomp, Line Pass


You were on level 11 of the Dungeon.
You worshipped Uskayaw.
Uskayaw was noncommittal.
You visited 2 branches of the dungeon, and saw 12 of its levels.
You also visited: Sewer and Ossuary.

You collected 1082 gold pieces.
You spent 106 gold pieces at shops.

Inventory:

Hand Weapons
 a - a +1 rapier (weapon)
Missiles
 z - 6 atropa-tipped darts (quivered)
 C - 3 throwing nets
 L - 23 poisoned darts
Armour
 c - a +0 buckler (worn)
 g - a +1 cloak (worn)
 m - a +2 pair of gloves (worn)
 p - a +2 pair of boots (worn)
 u - an orb of light
 w - a +0 scale mail of cold resistance
 O - a +0 chain mail
 P - a +0 plate armour (worn)
Jewellery
 o - a +5 ring of evasion (left hand)
 v - a ring of flight (right hand)
 G - a ring of positive energy
 K - a +6 ring of intelligence
Wands
 y - a wand of mindburst (29)
 H - a wand of flame (13)
 J - a wand of iceblast (17)
Scrolls
 b - 2 scrolls of enchant armour
 e - 2 scrolls of vulnerability {unknown}
 h - a scroll of silence {unknown}
 i - 3 scrolls of enchant weapon
 k - 8 scrolls of teleportation
 n - a scroll of immolation {unknown}
 r - a scroll of brand weapon {unknown}
 x - 2 scrolls of amnesia
 D - 3 scrolls of fog {unknown}
 E - a scroll of poison {unknown}
 F - a scroll of fear {unknown}
 N - a scroll of noise {unknown}
Potions
 d - 3 potions of might
 f - 3 potions of brilliance
 j - 5 potions of curing
 l - a potion of cancellation {unknown}
 q - a potion of invisibility
 s - 4 potions of mutation
 t - 2 potions of haste {unknown}
 A - 6 potions of magic
 B - a potion of flight
 I - 2 potions of lignification
 M - 3 potions of berserk rage


   Skills:
 + Level 7.3 Fighting
 * Level 9.8 Short Blades
 - Level 2.0 Throwing
 + Level 6.6 Armour
 + Level 6.0 Dodging
 - Level 4.0 Shields
 * Level 2.7 Invocations
 - Level 2.0 Evocations


You had 10 spell levels left.
You didn't know any spells.
Your spell library contained the following spells:

 Spells                   Type           Power      Damage    Failure   Level
 Beastly Appendage        Tmut           0%         N/A       100%        1
 Kiss of Death            Conj/Necr      0%         2d5       100%        1
 Sting                    Tmut/Pois      0%         1d3       100%        1
 Ensorcelled Hibernation  Hex/Ice        0%         N/A       100%        2
 Poisonous Vapours        Pois/Air       0%         N/A       100%        2
 Wereblood                Tmut           0%         N/A       100%        2
 Confusing Touch          Hex            0%         N/A       100%        3
 Dazzling Flash           Conj/Hex       0%         N/A       100%        3
 Mephitic Cloud           Conj/Pois/Air  0%         N/A       100%        3
 Spider Form              Tmut/Pois      0%         N/A       100%        3
 Volatile Blastmotes      Fire/Tloc      0%         2d10      100%        3
 Anguish                  Hex/Necr       0%         N/A       100%        4
 Dispel Undead            Necr           0%         3d6       100%        4
 Iskenderun's Mystic Bla  Conj/Tloc      0%         2d3       100%        4
 Olgreb's Toxic Radiance  Pois           0%         N/A       100%        4
 Freezing Cloud           Conj/Ice/Air   0%         6-21      100%        5
 Starburst                Conj/Fire      0%         6d3       100%        6


Dungeon Overview and Level Annotations

Branches:
Dungeon (11/15)            Temple (1/1) D:6           Sewer (visited)
Ossuary (visited)
   Lair: D:8-11         Orc: D:9-12

Altars:
Ashenzari
Cheibriados
Dithmenos
Elyvilon
Fedhas
Gozag
Hepliaklqana
Kikubaaqudgha
Makhleb
Nemelex Xobeh
Okawaru
Qazlal
Ru
Sif Muna
Trog
Uskayaw
Vehumet
Wu Jian
Xom
Yredelemnul
Zin
The Shining One

Shops:
D:5 *   D:7 :   D:9 *   D:11 !


Innate Abilities, Weirdness & Mutations

You have razor-sharp teeth.
Your natural rate of healing is unusually fast.
When hurt, damage is shared between your health and your magic reserves.
Your bite disrupts and absorbs the magic of your enemies.
Potions cannot restore your health.


Message History

* * * LOW HITPOINT WARNING * * *
You hit the skeletal warrior.
The skeletal warrior is heavily damaged.
The skeletal warrior hits you with a +0 mace!
* * * LOW HITPOINT WARNING * * *
The skeletal warrior misses you.
Unknown command.
A red film seems to cover your vision as you go berserk!
You feel yourself moving faster!
You feel mighty!
The skeletal warrior hits you with a +0 mace.
* * * LOW HITPOINT WARNING * * *
The skeletal warrior hits you but does no damage.
Unknown command.
You puncture the skeletal warrior! Your bite misses the skeletal warrior.
The skeletal warrior is severely damaged.
Uskayaw will force your foes to helplessly watch your dance.
Uskayaw prepares the audience for your solo!
The helpless skeletal warrior fails to defend itself.
You puncture the skeletal warrior!
You bite the skeletal warrior, but do no damage.
The skeletal warrior is severely damaged.
The skeletal warrior is no longer paralysed. x4
The skeletal warrior hits you with a +0 mace!
* * * LOW HITPOINT WARNING * * *
The skeletal warrior barely misses you.
You hit the skeletal warrior.
The skeletal warrior is almost destroyed.
You hit the skeletal warrior but do no damage.
The skeletal warrior is almost destroyed.
The skeletal warrior hits you with a +0 mace.
* * * LOW HITPOINT WARNING * * *
The skeletal warrior hits you with a +0 scimitar!
* * * LOW HITPOINT WARNING * * *
You hit the skeletal warrior but do no damage.
The skeletal warrior is severely damaged.
You puncture the skeletal warrior! You bite the skeletal warrior.
You drain its power.
You feel invigorated.
The skeletal warrior is almost destroyed.
The skeletal warrior hits you with a +0 scimitar!
You die...

..##.........##.##
.#####..........# ##
##..........## #
##...........#
#..........#.## ##
##..........#.z# #.##
#..........###z###...##
#..........# #z##.....#
##........## #z@......#
##.......# ##........#
###..#### ###.....##
#### ##)...# #..## ###


You could see 4 skeletal warriors.

Vanquished Creatures
  Pikel (D:8)
  A gargoyle (D:10)
  Maggie (D:6)
  A troll (D:11)
  Prince Ribbit (D:6)
  Sigmund (D:4)
  A vampire (D:9)
  A wyvern (D:9)
  2 wraiths (D:11)
  10 yaks
  A steam dragon (D:10)
  2 water moccasins
  An acid dragon (D:10)
  3 orc warriors
  2 ice beasts
  A black bear (D:5)
  2 sky beasts
  2 ogres
  2 centaurs
  3 phantoms
  2 kobold brigands
  Blork the orc (D:6)
  4 bullfrogs
  2 gnoll sergeants
  2 scorpions
  4 water moccasin zombies (Ossuary)
  8 wights
  16 killer bees
  2 electric eels
  A howler monkey (D:7)
  5 hounds
  4 jellies
  2 orc priests
  2 gnoll boudas
  Jessica (D:3)
  4 iguanas
  6 orc wizards
  4 sleepcaps
  2 mummies (Ossuary)
  17 gnolls
  16 adders
  2 river rats (Sewer)
  2 white imps
  2 ufetubi
  2 adder zombies (Ossuary)
  4 worms
  7 dart slugs
  25 orcs
  8 bats
  15 endoplasms
  11 giant cockroaches
  5 gnoll zombies (Ossuary)
  6 goblins
  8 hobgoblins
  18 kobolds
  7 quokkas
  11 ball pythons
  5 frilled lizards
  6 hobgoblin zombies (Ossuary)
  A kobold zombie (Ossuary)
  6 orc zombies (Ossuary)
  6 rats
301 creatures vanquished.

Notes
Turn   | Place    | Note
-------+----------+-------------------------------------------
     0 | D:1      | KamiKatze the Vine Stalker Fighter began the quest for the
                  | Orb.
     0 | D:1      | Reached XP level 1. HP: 11/11 MP: 2/2
    88 | D:1      | Reached skill level 2 in Short Blades
    97 | D:1      | Reached XP level 2. HP: 13/16 MP: 3/3
   162 | D:1      | Found a faded altar of an unknown god.
   334 | D:1      | Reached XP level 3. HP: 16/19 MP: 4/4
   645 | D:2      | Gained mutation: Your natural rate of healing is unusually
                  | fast. [Vine Stalker growth]
   645 | D:2      | Reached XP level 4. HP: 24/24 MP: 3/5
  1199 | D:3      | Found a glowing drain.
  1227 | Sewer    | Entered a sewer
  1296 | Sewer    | Reached skill level 1 in Dodging
  1314 | Sewer    | Reached XP level 5. HP: 28/28 MP: 6/6
  1415 | Sewer    | Reached skill level 3 in Short Blades
  1456 | Sewer    | Found a viscous altar of Jiyva.
  1617 | D:3      | Reached XP level 6. HP: 15/32 MP: 2/7
  1719 | D:3      | Found a shimmering blue altar of Sif Muna.
  1733 | D:3      | Noticed Jessica
  1738 | D:3      | Killed Jessica
  1895 | D:3      | You are sucked into a shaft and drop 2 floors!
  1895 | D:5      | Entered Level 5 of the Dungeon
  1948 | D:4      | Found a radiant altar of Vehumet.
  2361 | D:3      | Reached XP level 7. HP: 26/37 MP: 3/8
  2372 | D:3      | Reached skill level 1 in Evocations
  2470 | D:4      | Reached skill level 1 in Throwing
  2524 | D:4      | Reached skill level 4 in Short Blades
  2677 | D:4      | Found a sacrificial altar of Ru.
  2742 | D:4      | Noticed Sigmund
  2754 | D:4      | Killed Sigmund
  2763 | D:4      | Found a blossoming altar of Fedhas.
  2786 | D:4      | Found a glowing golden altar of the Shining One.
  2786 | D:4      | Found a glowing silver altar of Zin.
  2786 | D:4      | Found a white marble altar of Elyvilon.
  2890 | D:4      | Gained mutation: You have razor-sharp teeth. [Vine Stalker
                  | growth]
  2890 | D:4      | Reached XP level 8. HP: 42/42 MP: 9/9
  3244 | D:5      | Found Opanwos's General Store.
  3254 | D:5      | Reached skill level 5 in Short Blades
  3627 | D:5      | Reached skill level 6 in Short Blades
  3638 | D:5      | Reached XP level 9. HP: 44/46 MP: 10/10
  3748 | D:5      | Reached skill level 5 in Fighting
  4070 | D:6      | Noticed Maggie
  4100 | D:6      | Killed Maggie
  4352 | D:6      | Noticed Prince Ribbit
  4400 | D:6      | Killed Prince Ribbit
  4461 | D:6      | Reached skill level 7 in Short Blades
  4567 | D:6      | Reached skill level 5 in Armour
  4776 | D:6      | Reached XP level 10. HP: 52/53 MP: 9/11
  4881 | D:6      | Found a staircase to the Ecumenical Temple.
  4896 | Temple   | Entered the Ecumenical Temple
  5158 | D:6      | Noticed Blork the orc
  5165 | D:6      | Killed Blork the orc
  5269 | D:7      | Reached skill level 8 in Short Blades
  5367 | D:7      | Found Jesudd's Book Boutique.
  5531 | D:7      | Found a sparkling altar of Nemelex Xobeh.
  5645 | D:7      | Found an ancient bone altar of Kikubaaqudgha.
  5683 | D:8      | Found a broken altar of Ashenzari.
  5720 | D:8      | Found a sand-covered staircase.
  5725 | Ossuary  | Entered an ossuary
  6111 | D:8      | Reached skill level 5 in Dodging
  6373 | D:8      | Found a stormy altar of Qazlal.
  6586 | D:8      | Noticed Pikel
  6609 | D:8      | Killed Pikel
  7285 | D:9      | Found Lagena's Assorted Antiques.
  7292 | D:9      | Bought 2 ruby potions for 36 gold pieces
  7292 | D:9      | Bought a scroll labelled HYIZXIM XUXICO for 20 gold pieces
  7292 | D:9      | Bought a scroll labelled WUEGANW ULONE for 20 gold pieces
  7407 | D:9      | Reached skill level 9 in Short Blades
  7619 | D:9      | Found a bloodstained altar of Trog.
  7619 | D:9      | Found an iron altar of Okawaru.
  7627 | D:9      | Found a shimmering altar of Xom.
  7629 | D:9      | Found a faded altar of an unknown god.
  7631 | D:9      | Found a hide-covered altar of Uskayaw.
  7665 | D:9      | Became a worshipper of Uskayaw the Reveller
  7818 | D:10     | Entered Level 10 of the Dungeon
  7836 | D:10     | Reached * piety under Uskayaw
  7840 | D:10     | Reached ** piety under Uskayaw
  7851 | D:10     | Reached *** piety under Uskayaw
  7864 | D:10     | Reached **** piety under Uskayaw
  8022 | D:10     | Noticed a gargoyle
  8045 | D:10     | Killed a gargoyle
  8046 | D:10     | Reached XP level 11. HP: 40/58 MP: 12/12
  8059 | D:10     | Found an opulent altar of Gozag.
  8459 | D:11     | Reached skill level 1 in Invocations
  8542 | D:11     | Found Penaroxt's Distillery.
  8545 | D:11     | Bought a potion of lignification for 30 gold pieces
  8550 | D:11     | Noticed a skeletal warrior
  8587 | D:11     | Noticed a skeletal warrior
  8949 | D:11     | Reached ***** piety under Uskayaw
  8958 | D:11     | Noticed a skeletal warrior
  8997 | D:11     | Noticed a skeletal warrior
  9016 | D:11     | HP: 1/87 [skeletal warrior/+0 scimitar (11)]
  9018 | D:11     | Slain by a skeletal warrior

Illustrated notes

Levels and vault maps discovered:
D:1:      co_arrival_square_in_a_square_in_a_square, layout_rooms,
          nicolae_ecumenical_lake_church
D:2:      layout_basic
D:3:      minmay_chambers_of_threes, layout_loops_ring,
          nicolae_sif_muna_little_library, gup_sewer_entry_glass, uniq_jessica
D:4:      minmay_polygon_palace, layout_cave_pools, good_gods_mini_temple,
          lemuel_round_altar, nicolae_vehumet_altar_sigil,
          mainiacjoe_overflow_concentric_impassable, minmay_between,
          uniq_sigmund
D:5:      layout_gridville, serial_shops, nicolae_inconvenience_store,
          grunt_tough_drop
D:6:      layout_gridville, minmay_temple_entry_overgrown, uniq_maggie,
          uniq_blork_the_orc, uniq_prince_ribbit1
D:7:      layout_basic, lemuel_coloured_pillars_altar,
          mainiacjoe_overflow_alcove_2, nicolae_wooded_promenade
D:8:      layout_layer_cave, evilmike_ruin_ashenzari,
          nicolae_qazlal_scattered_showers, nicolae_ossuary_entry_ruins,
          hex_large, fountainhead, hangedman_decor_riveting, uniq_pikel
D:9:      layout_cave_pools, chequers_temple_overflow_minitemple, serial_shops,
          nicolae_shop_waterfront
D:10:     layout_gridville, grunt_gozag_statues, kennysheep_minor_cross
D:11:     layout_cave_pods, grunt_lair_entry_orc_guard_hut, serial_shops,
          nicolae_shop_behind_doors
Temple:   hellmonk_temple_flake

Skill      XL: |  1  2  3  4  5  6  7  8  9 10 11 |
---------------+----------------------------------+-----
Short Blades   | 2 3 4 6 7 9 |  9.8
Shields        | 3 4 |  4.0
Fighting       | 3 4 5 7 |  7.3
Dodging        | 1 2 3 4 5 6 |  6.0
Armour         | 3 4 5 6 |  6.6
Evocations     | 1 2 |  2.0
Throwing       | 1 2 |  2.0
Invocations    | 2 |  2.7

Action                     |  1- 3 |  4- 6 |  7- 9 | 10-12 || total
---------------------------+-------+-------+-------+-------++-------
  Melee: Rapier            |   110 |   239 |   483 |   595 ||  1427
         Bite              |    20 |    84 |   172 |   211 ||   487
  Evoke: Wand              |       |       |       |     3 ||     3
    Use: Scroll            |       |     1 |     6 |     8 ||    15
         Potion            |       |       |       |     1 ||     1
   Stab: Paralysed         |       |       |       |    11 ||    11
         Distracted        |       |       |       |     1 ||     1
 Armour: Scale mail        |    74 |    72 |   161 |   154 ||   461
         Plate armour      |       |       |       |    29 ||    29
         Chain mail        |       |       |       |    20 ||    20
  Dodge: Dodged            |    67 |   185 |   354 |   435 ||  1041
  Block: Buckler           |    38 |    61 |   139 |   148 ||   386
